 Dungeon Crawl Stone Soup version 0.27.1-33-g824d729ab1 (webtiles) character file.

Game seed: 12183847782433129732

5138 unlimited1921 the Cleaver (level 10, -1/91 HPs)
             Began as a Minotaur Fighter on Dec 31, 2021.
             Was an Initiate of Gozag.
             Succumbed to Erica's bolt of poison
             ... on level 9 of the Dungeon.
             The game lasted 00:36:56 (11759 turns).

unlimited1921 the Cleaver (Minotaur Fighter)       Turns: 11759, Time: 00:36:57

Health: -1/91      AC: 18    Str: 22    XL:     10   Next: 33%
Magic:  9/9        EV:  8    Int:  5    God:    Gozag
Gold:   903        SH: 12    Dex: 12    Spells: 9/9 levels left

rFire    . . .     SeeInvis .   a - +0 war axe
rCold    . . .     Faith    +   c - +1 kite shield
rNeg     . . .     Spirit   .   f - +2 chain mail {Will+}
rPois    +         Reflect  .   K - +2 hat {Stlth+}
rElec    .         Harm     .   h - +2 cloak
rCorr    .         Rampage  .   (no gloves)
Will     ++...                  (no boots)
Stlth    ..........             F - amulet of faith
HPRegen  0.25/turn              B - ring of willpower
MPRegen  0.11/turn              C - ring of poison resistance

@: lethally poisoned (-1 -> -23), gold aura
A: horns 2, retaliatory headbutt
a: Renounce Religion, Potion Petition, Call Merchant, Bribe Branch


You were on level 9 of the Dungeon.
You worshipped Gozag.
Gozag was pleased with you.
You visited 2 branches of the dungeon, and saw 10 of its levels.
You also visited: Sewer.

You collected 1022 gold pieces.
You paid 119 gold pieces to Gozag.

Inventory:

Hand Weapons
 a - a +0 war axe (weapon)
 i - a +0 short sword
 u - a +2 vampiric dagger
 y - a +2 hunting sling of flaming
 A - a +0 club
 D - a +2 spear
 E - a +4 long sword of freezing
 G - a +0 whip of venom
 H - a +1 trident of freezing
Missiles
 j - 41 poisoned darts (quivered)
 z - 125 stones
 O - 39 sling bullets
Armour
 b - a +0 scale mail
 c - a +1 kite shield (worn)
 f - a +2 chain mail of willpower (worn)
 h - a +2 cloak (worn)
 v - a +0 plate armour
 K - a +2 hat of stealth (worn)
Jewellery
 B - a ring of willpower (left hand)
 C - a ring of poison resistance (right hand)
 F - an amulet of faith (around neck)
 I - a ring of ice
Wands
 t - a wand of paralysis (8)
 P - a wand of acid (6)
Scrolls
 g - 2 scrolls of vulnerability
 o - 4 scrolls of teleportation
 q - 3 scrolls of amnesia
 x - a scroll of fog
 J - a scroll of holy word
 M - a scroll of torment {unknown}
 N - a scroll of immolation {unknown}
Potions
 d - a potion of might
 e - a potion of attraction
 k - a potion of berserk rage
 l - 8 potions of curing
 m - a potion of magic
 n - 2 potions of invisibility
 p - a potion of resistance {unknown}
 r - 3 potions of flight
 s - 2 potions of degeneration {unknown}
 w - a potion of heal wounds {unknown}
 L - 2 potions of mutation {unknown}


   Skills:
 * Level 9.2 Fighting
 + Level 10.0 Axes
 + Level 5.2 Throwing
 + Level 7.7 Armour
 + Level 2.7 Dodging
 + Level 1.6 Stealth
 + Level 9.0 Shields


You had 9 spell levels left.
You didn't know any spells.
Your spell library contained the following spells:

 Spells                   Type           Power      Damage    Failure   Level
 Animate Skeleton         Necr           0%         N/A       100%        1
 Beastly Appendage        Tmut           0%         N/A       100%        1
 Pain                     Necr           0%         1d4       100%        1
 Sting                    Tmut/Pois      0%         1d3       100%        1
 Slow                     Hex            0%         N/A       100%        2
 Wereblood                Tmut           0%         N/A       100%        2
 Confusing Touch          Hex            0%         N/A       100%        3
 Spider Form              Tmut/Pois      0%         N/A       100%        3
 Vampiric Draining        Necr           0%         2d6       100%        3


Dungeon Overview and Level Annotations

Branches:
Dungeon (9/15)             Temple (1/1) D:7           Sewer (visited)
   Lair: D:8-11         Orc: D:9-12

Altars:
Ashenzari
Elyvilon
Fedhas
Gozag
Hepliaklqana
Kikubaaqudgha
Makhleb
Nemelex Xobeh
Okawaru
Qazlal
Ru
Sif Muna
Trog
Uskayaw
Wu Jian
Xom
Yredelemnul
Zin

Shops:
D:1 [

Annotations:
D:8 exclusions: oklob plant and oklob sapling
D:9 Erica


Innate Abilities, Weirdness & Mutations

You have a pair of horns on your head.
You reflexively headbutt those who attack you in melee.


Message History

Unknown command.
Press: ? - help, v - describe, . - travel
Here: Erica, wielding a +3 scimitar of flaming and wearing a +0 robe (severely wounded)
The floor, spattered with blood.
There are monsters nearby!
Unknown command.
Unknown command.
Unknown command.
Throw: 43 darts (poison)
Press: ? - help, Q - select action, (/) - cycle Shift-Dir - straight line, f/p - Erica
Aim: Erica, wielding a +3 scimitar of flaming and wearing a +0 robe (severely wounded, 60% to hit)
You throw a poisoned dart. The poisoned dart hits Erica.
Erica is poisoned.
Erica is severely wounded.
You feel very sick. Erica gestures at you while chanting.
The lance of force hits you!
* * * LOW HITPOINT WARNING * * *
You are knocked back by the lance of force.
Found an escape hatch in the ceiling.
Throw: 42 darts (poison)
Press: ? - help, Q - select action, (/) - cycle Shift-Dir - straight line, f/p - Erica
Aim: Erica, wielding a +3 scimitar of flaming and wearing a +0 robe (severely wounded, poisoned, 61% to hit)
You throw a poisoned dart. The poisoned dart hits Erica!
Erica looks even sicker.
Erica is severely wounded.
You feel very sick.
A two-headed ogre comes into view. It is wielding two +0 giant clubs.
You feel very sick.
You feel very sick. Erica gestures at you while chanting.
The bolt of poison hits the orc!
The orc is poisoned.
The orc dies!
The bolt of poison hits you.
You are lethally poisoned!
You resist.
* * * LOW HITPOINT WARNING * * *
* * * LOW HITPOINT WARNING * * *
You feel very sick.
You die...
Your body crumbles into a pile of gold.

## ## ##... #..##
..## . #..#. #.$.
###...#
..#..#.##..###......#
........#....#.......
.............#..<# #
.............@...#...
.........@......O....
......(<..$.........#
....................#
..........#.........#
.....###....>.......#
..!.. ##..#####.....
.... ##.# ..... #..
..# .....


You could see Erica (very poisoned) and a two-headed ogre.

Vanquished Creatures
  A spriggan (D:7)
  6 yaks (D:8)
  3 humans (D:8)
  4 water moccasins
  A black bear (D:5)
  An orc warrior (D:6)
  4 ice beasts
  3 ogres
  A necrophage (D:3)
  A centaur (D:8)
  A phantom (D:6)
  A kobold brigand (Sewer)
  2 scorpions
  A wyvern zombie (D:8)
  2 wyvern skeletons (D:7)
  11 killer bees
  7 wights
  A howler monkey (D:6)
  3 centaur zombies
  5 hounds
  A jelly (D:6)
  A gnoll shaman (D:7)
  2 orc priests (D:6)
  A bullfrog skeleton (D:4)
  5 iguanas
  5 orc wizards
  A scorpion zombie (D:3)
  A hound zombie (D:3)
  12 gnolls (D:7)
  3 river rats
  11 adders
  A shadow imp (D:8)
  A white imp (D:6)
  2 ufetubi (D:5)
  An adder skeleton (D:4)
  3 worms
  A dart slug (D:2)
  14 orcs
  8 endoplasms
  2 giant cockroaches
  9 goblins
  3 hobgoblins
  18 jackals
  4 quokkas
  17 ball pythons
  A ball python zombie (D:3)
  5 bats
  10 frilled lizards
  10 kobolds
  A quokka zombie (D:3)
  10 rats
223 creatures vanquished.

Vanquished Creatures (others)
  An orc (D:9)
  8 plants (D:8)
9 creatures vanquished.

Grand Total: 232 creatures vanquished

Notes
Turn   | Place    | Note
-------+----------+-------------------------------------------
     0 | D:1      | unlimited1921 the Minotaur Fighter began the quest for the
                  | Orb.
     0 | D:1      | Reached XP level 1. HP: 19/19 MP: 0/0
    19 | D:1      | Found Vimimiw's Antique Armour Shop.
   232 | D:1      | Reached XP level 2. HP: 27/27 MP: 1/1
   692 | D:2      | Reached XP level 3. HP: 19/33 MP: 2/2
   829 | D:2      | Reached skill level 3 in Axes
  1091 | D:2      | Reached XP level 4. HP: 41/41 MP: 3/3
  1863 | D:3      | Noticed a necrophage
  1875 | D:3      | Killed a necrophage
  1876 | D:3      | Reached skill level 4 in Axes
  1876 | D:3      | Reached skill level 1 in Dodging
  1876 | D:3      | Reached XP level 5. HP: 34/47 MP: 4/4
  2117 | D:3      | Found a faded altar of an unknown god.
  2153 | D:3      | Found a basalt altar of Yredelemnul.
  2774 | D:3      | Reached skill level 5 in Fighting
  3176 | D:4      | Reached XP level 6. HP: 56/56 MP: 5/5
  3278 | D:4      | Reached skill level 5 in Axes
  3278 | D:4      | Reached skill level 5 in Armour
  3507 | D:4      | Reached skill level 5 in Shields
  3845 | D:5      | Entered Level 5 of the Dungeon
  4015 | D:5      | Reached XP level 7. HP: 43/61 MP: 6/6
  4130 | D:5      | Reached skill level 6 in Axes
  4130 | D:5      | Reached skill level 1 in Throwing
  4311 | D:5      | Found a glowing drain.
  4319 | Sewer    | Entered a sewer
  4435 | Sewer    | Found a white marble altar of Elyvilon.
  5656 | D:5      | Found a hide-covered altar of Uskayaw.
  6448 | D:6      | Reached XP level 8. HP: 52/71 MP: 7/7
  6549 | D:6      | Reached skill level 7 in Axes
  8367 | D:7      | Found a staircase to the Ecumenical Temple.
  8374 | D:7      | Reached XP level 9. HP: 74/77 MP: 8/8
  8406 | Temple   | Entered the Ecumenical Temple
  8414 | Temple   | Became a worshipper of Gozag Ym Sagoz the Greedy
  8827 | D:7      | Reached skill level 8 in Axes
  8946 | D:7      | Reached skill level 1 in Stealth
  9736 | D:7      | Found a hazy altar of Hepliaklqana.
 10267 | D:8      | Reached skill level 5 in Throwing
 10296 | D:8      | Reached skill level 9 in Axes
 10312 | D:8      | Reached XP level 10. HP: 77/90 MP: 9/9
 11193 | D:8      | Found a sacrificial altar of Ru.
 11448 | D:8      | Reached skill level 10 in Axes
 11486 | D:8      | Noticed an oklob plant
 11726 | D:8      | Got Vuduheuj's Volume of Nature
 11746 | D:9      | Noticed Erica
 11756 | D:9      | Noticed a two-headed ogre
 11758 | D:9      | HP: 3/91 [poisoned by Erica (bolt of poison)]
 11759 | D:9      | Succumbed to Erica's bolt of poison

Illustrated notes

Levels and vault maps discovered:
D:1:      elethiomel_arrival_quiet, layout_basic, serial_shops,
          nicolae_shop_waterfront
D:2:      layout_basic, minmay_lizard_pond
D:3:      layout_loops_ring, nicolae_yredelemnul_corpse_copse,
          hellmonk_ecumenical_altar_leap_of_faith, minmay_puff
D:4:      layout_gridville, minmay_a_box_with_orc_wizards_in_it
D:5:      layout_basic, lemuel_coloured_pillars_altar, portal_sewer_entry_e,
          kennysheep_generic_room_11
D:6:      layout_cave_pools, minmay_door_square, minmay_misc_feat_square
D:7:      layout_loops_ring, lemuel_crystal_altar,
          minmay_temple_entry_stoned_glass, the_hattery
D:8:      erik_cavepeople, layout_basic, nicolae_ru_path_of_blood,
          introduction_to_nature_2
D:9:      layout_cave_pools, gammafunk_temple_overflow_claw,
          kennysheep_slug_shrine, serial_shops, nicolae_shop_window_shopping,
          kennysheep_generic_room_4, uniq_psyche, uniq_erica
Temple:   eino_temple_lava

Skill      XL: |  1  2  3  4  5  6  7  8  9 10 |
---------------+-------------------------------+-----
Shields        | 4 5 7 8 9 |  9.0
Fighting       | 4 5 6 7 8 9 |  9.2
Armour         | 4 5 6 7 |  7.7
Axes           | 3 4 5 6 7 9 10 | 10.0
Dodging        | 1 2 |  2.7
Throwing       | 2 3 5 |  5.2
Stealth        | 1 |  1.6

Action                   |  1- 3 |  4- 6 |  7- 9 | 10-12 || total
-------------------------+-------+-------+-------+-------++-------
Melee: War axe           |    76 |   153 |   304 |   123 ||   656
       Headbutt          |     4 |    23 |    70 |    23 ||   120
       Long sword        |       |       |    11 |       ||    11
Throw: Dart              |       |     4 |    37 |     6 ||    47
  Use: Scroll            |       |     4 |     5 |     1 ||    10
       Potion            |       |       |     2 |       ||     2
 Stab: Distracted        |       |       |     1 |     1 ||     2
       Invisible         |       |       |     1 |       ||     1
Armor: Scale mail        |    14 |       |       |       ||    14
       Chain mail        |    35 |    78 |   184 |    50 ||   347
Dodge: Dodged            |    19 |    33 |    79 |    37 ||   168
Block: Kite shield       |    47 |    91 |   240 |    86 ||   464
